 Dungeon Crawl Stone Soup version 0.23.2-40-g277498a001 (webtiles) character file.

Game seed: 13865177124860387501

37 FishyPogo the Skirmisher (level 3, -2/31 HPs)
             Began as a Draconian Skald on Oct 5, 2019.
             Slain by a gnoll (9 damage)
             ... on level 2 of the Dungeon.
             The game lasted 00:04:15 (922 turns).

FishyPogo the Skirmisher (Draconian Skald)           Turns: 922, Time: 00:04:16

Health: -2/31      AC:  6    Str: 13    XL:     3   Next: 21%
Magic:  3/6        EV: 12    Int: 13    God:
Gold:   38         SH:  0    Dex: 11    Spells: 2/6 levels left

rFire    . . .     SeeInvis .   a - +0 falchion
rCold    . . .     Gourm    .   (no shield)
rNeg     . . .     Faith    .   (armour unavailable)
rPois    .         Spirit   .   (helmet restricted)
rElec    .         Reflect  .   (no cloak)
rCorr    .         Harm     .   e - +0 pair of gloves
MR       .....                  (no boots)
Stlth    +.........             (no amulet)
HPRegen  0.10/turn              (no ring)
MPRegen  0.10/turn              (no ring)

@: no status effects
A: unfitting armour, cold-blooded, AC +5
a: no special abilities


You were on level 2 of the Dungeon.
You were not hungry.

You visited 1 branch of the dungeon, and saw 2 of its levels.

You collected 38 gold pieces.

Inventory:

Hand Weapons
 a - a +0 falchion (weapon)
Armour
 e - a +0 pair of gloves (worn)
Scrolls
 i - a scroll of enchant weapon {unknown}
Potions
 h - 2 potions of flight
Comestibles
 c - a ration
 d - a chunk of flesh


   Skills:
 * Level 3.0 Fighting
 - Level 2.0 Long Blades
 * Level 2.6 Dodging
 + Level 2.2 Spellcasting
 + Level 2.9 Charms


You had 2 spell levels left.
You knew the following spells:

 Your Spells              Type           Power        Failure   Level  Hunger
d - Infusion              Chrm           #...         8%          1    ##.....
e - Spectral Weapon       Hex/Chrm       #.......     38%         3    ####...

Your spell library contained the following spells:

 Spells                   Type           Power        Failure   Level  Hunger
 Song of Slaying          Chrm           #.......     11%         2    ###....
 Shroud of Golubria       Chrm/Tloc      #.........   21%         2    ###....
 Regeneration             Chrm/Necr      #.........   38%         3    ####...


Dungeon Overview and Level Annotations

Branches:
Dungeon (2/15)

Altars:


Innate Abilities, Weirdness & Mutations

Your plain brown scales are hard. (AC +5)
You cannot fit into any form of body armour.
You are cold-blooded and may be slowed by cold attacks.


Message History

The hobgoblin hits you.
* * * LOW HITPOINT WARNING * * *
The gnoll barely misses you.
You riposte.
You hit the gnoll.
The gnoll is lightly wounded.
You hit the hobgoblin.
The hobgoblin is severely wounded.
Your spectral weapon hits the hobgoblin but does no damage.
The hobgoblin barely misses you.
You riposte.
You hit the hobgoblin.
The hobgoblin is almost dead.
The gnoll hits you but does no damage.
You hit the hobgoblin.
You kill the hobgoblin!
Your Fighting skill increases to level 3!
The gnoll hits you but does no damage.
You hit the gnoll.
The gnoll is heavily wounded.
Your spectral weapon hits the gnoll.
The gnoll hits you but does no damage.
The ball python bites your spectral weapon but does no damage.
The gnoll hits you!
You die...

.S.....
.......
...........
.......
.........
h...((. #
#........
.......
..#.......
....(?.
.....w.#
.......
#...S.#
.......
#..(g.#
..(...#
#...@.#
......#
#######
.....##
....##
#####


You could see a gnoll, a dart slug, a ball python and a friendly spectral +0
falchion.

Vanquished Creatures
  2 gnolls (D:1)
  A leopard gecko (D:1)
  3 bats
  2 giant cockroaches (D:1)
  3 goblins (D:1)
  2 hobgoblins
  A kobold (D:1)
  A frilled lizard (D:1)
  A rat (D:2)
16 creatures vanquished.

Notes
Turn   | Place    | Note
-------+----------+-------------------------------------------
     0 | D:1      | FishyPogo the Draconian Skald began the quest for the Orb.
     0 | D:1      | Reached XP level 1. HP: 17/17 MP: 3/3
   344 | D:1      | Reached XP level 2. HP: 24/25 MP: 0/5
   811 | D:1      | Reached XP level 3. HP: 13/30 MP: 6/6
   864 | D:1      | Learned a level 3 spell: Spectral Weapon
   921 | D:2      | Reached skill level 3 in Fighting
   922 | D:2      | Slain by a gnoll

Skill      XL: |  1  2  3 |
---------------+----------+-----
Fighting       | 3 |  3.0
Long Blades    | |  2.0
Dodging        | |  2.6
Spellcasting   | |  2.2
Charms         | |  2.9

Action                   || total
-------------------------++-------
Melee: Falchion          ||    45
       Tailslap          ||     4
Throw: Stone             ||     2
 Cast: Infusion          ||     9
       Spectral Weapon   ||     1
  Use: Scroll            ||     3
       Potion            ||     2
 Stab: Sleeping          ||     1
  Eat: Chunk             ||     1
Armor: Skin              ||    21
Dodge: Dodged            ||    28
       Rpst.: Falchion   ||     9
